 Dungeon Crawl Stone Soup version 0.31-a0-1-g4198be8af4 (webtiles) character file.

Game seed: 15233084413050593860

37128 cforsyth the Bludgeoner (level 14, -2/118 HPs)
             Began as a Meteoran Fighter on Apr 30, 2023.
             Was a High Priest of Hepliaklqana.
             Slain by an orc knight
             ... wielding a +0 battleaxe
              (22 damage)
             ... on level 2 of the Orcish Mines.
             The game lasted 00:36:32 (5761 turns).

cforsyth the Bludgeoner (Meteoran Fighter)          Turns: 5761, Time: 00:36:32

Health: -2/118     AC: 26    Str: 26    XL:     14   Next: 64%
Magic:  15/15      EV:  7    Int: 11    God:    Hepliaklqana [*****.]
Gold:   1327       SH: 21    Dex: 18    Spells: 13/13 levels left

rFire   + . .        a - +0 flail
rCold   + + +        O - +4 kite shield of the Hidden Vale {rF+ rC+++ Dex+3 Stlth-}
rNeg    + . .        e - +0 plate armour
rPois   +            o - +0 helmet
rElec   .            y - +2 ratskin cloak {*Rats rPois rN+ Str-1 Int-1 Dex+1}
rCorr   .            A - +2 pair of gloves
SInv    +            (no boots)
Will    +....        L - amulet of reflection Stlth
                     s - ring of see invisible
HPRegen 0.39/turn    q - +6 ring of strength
MPRegen 0.14/turn

%: reflection
@: glowing
A: reduced essence, sense surroundings 2, otherworldly, glowing, explore regen
a: Renounce Religion, Recall Ancestor, Ancestor Identity, Transference, Idealise


You were on level 2 of the Orcish Mines.
You worshipped Hepliaklqana.
Hepliaklqana was extremely pleased with you.
You visited 3 branches of the dungeon, and saw 17 of its levels.

You collected 1970 gold pieces.
You spent 643 gold pieces at shops.

Inventory:

Hand Weapons
 a - a +0 flail (weapon)
 t - a +1 heavy hammer
Missiles
 j - a throwing net (quivered)
Armour
 e - a +0 plate armour (worn)
 o - a +0 helmet (worn)
 y - the +2 ratskin cloak (worn) {*Rats rPois rN+ Str-1 Int-1 Dex+1}
   (You found it on level 5 of the Dungeon)

   *Rats:     When the wearer is hurt, rats may emerge from it to assist them.
   Str:       It affects your strength (-1).
   Int:       It affects your intelligence (-1).
   Dex:       It affects your dexterity (+1).
   rPois:     It protects you from poison.
   rN:        It protects you from negative energy.
 A - a +2 pair of gloves (worn)
 E - +2 swamp dragon scales
 O - the +4 kite shield of the Hidden Vale (worn) {rF+ rC+++ Dex+3 Stlth-}
   (You acquired it on level 2 of the Orcish Mines)

   Dex:       It affects your dexterity (+3).
   rF:        It protects you from fire.
   rC:        It renders you almost immune to cold.
   Stlth:     It makes you less stealthy.
Jewellery
 q - a +6 ring of strength (right hand)
 s - a ring of see invisible (left hand)
 u - a ring of magical power
 J - a ring of wizardry
 L - an amulet of reflection (around neck)
Wands
 v - a wand of charming (10)
 K - a wand of digging (5)
Scrolls
 b - 3 scrolls of enchant armour {unknown}
 r - 2 scrolls of vulnerability {unknown}
 x - 3 scrolls of teleportation {unknown}
 z - 2 scrolls of fog
 B - 3 scrolls of poison {unknown}
 D - 2 scrolls of butterflies
 F - 3 scrolls of silence
 H - 2 scrolls of amnesia {unknown}
 I - a scroll of magic mapping
Potions
 d - 2 potions of might
 f - a potion of cancellation
 g - 7 potions of curing
 h - 2 potions of berserk rage
 i - 4 potions of mutation
 k - 3 potions of brilliance
 l - 2 potions of haste
 m - 3 potions of resistance
 n - 2 potions of heal wounds
 p - 2 potions of attraction
 w - 3 potions of lignification
 C - a potion of flight
 G - a potion of magic
 M - a potion of degeneration {unknown}


   Skills:
 + Level 14.3 Fighting
 + Level 16.6 Maces & Flails
 + Level 15.5 Armour
 - Level 11.0 Shields


You had 13 spell levels left.
You didn't know any spells.
Your spell library contained the following spells:

 Spells                   Type           Power      Damage    Failure   Level
 Apportation              Tloc           0%         N/A       98%         1
 Beastly Appendage        Tmut           0%         N/A       98%         1
 Necrotise                Necr           0%         1d4       98%         1
 Shock                    Conj/Air       0%         1d3       98%         1
 Summon Small Mammal      Summ           0%         N/A       98%         1
 Lesser Beckoning         Tloc           0%         N/A       99%         2
 Wereblood                Tmut           0%         N/A       99%         2
 Gell's Gravitas          Tloc           0%         N/A       100%        3
 Spider Form              Tmut/Pois      0%         N/A       100%        3
 Swiftness                Air            0%         N/A       100%        3
 Teleport Other           Tloc           0%         N/A       100%        3
 Airstrike                Air            0%         2d(0-16)  100%        4
 Leda's Liquefaction      Hex/Erth       0%         N/A       100%        4
 Lee's Rapid Deconstruct  Erth           0%         3d4*      100%        5
 Statue Form              Tmut/Erth      0%         N/A       100%        6


Dungeon Overview and Level Annotations

Branches:
Dungeon (10/15) Zot: 2961  Temple (0/1) D:7            Lair (5/5) D:9 Zot: 951
 Spider (0/4) Lair:2        Slime (0/5) Lair:4          Orc (2/2) D:9 Zot: 656
  Swamp: Lair:2-3    Shoals: Lair:2-3       Elf: Orc:2

Altars:
Ashenzari
Cheibriados
Gozag
Hepliaklqana
Kikubaaqudgha
Nemelex Xobeh
Okawaru
Ru
Sif Muna
Trog
Zin
The Shining One
Jiyva

Shops:
D:2 *   D:4 (   Orc:1 !   Orc:2 **

Annotations:
D:9 1 transporter, baller8008's ghost, journeyman DECj
Lair:1 1 transporter
Lair:3 2 transporters, Uroushin's ghost, journeyman GnEn


Innate Abilities, Weirdness & Mutations

Your life essence is reduced to manifest your ancestor. (-10% HP)
You passively map the area around you.
You are easily found by Zot.
You glow in the dark.
You regain HP and MP as you explore.


Message History

The orc knight is heavily wounded.
You block the orc knight's attack.
You closely miss the orc knight.
The orc knight is heavily wounded.
The orc priest miscasts a cantrip.
You hit the orc knight.
The orc knight is severely wounded.
You hit the orc knight.
The orc knight is severely wounded.
The orc knight roars a battlecry!
The orc knight goes into a battle-frenzy!
You closely miss the orc knight.
The orc knight is severely wounded.
You block the orc knight's attack.
You hit the orc priest.
The orc priest is lightly wounded.
The orc priest closely misses you.
You sock the orc priest!
The orc priest is severely wounded.
You block the orc priest's attack. You block the orc knight's attack.
You sock the orc priest!
You kill the orc priest!
The orc priest casts a cantrip, but nothing happens.
The orc knight hits you with a +0 long sword!!
* * * LOW HITPOINT WARNING * * *
A hell rat scurries out from under your cloak.
You completely miss the orc knight.
The orc knight is severely wounded.
The orc knight unwields a +0 battleaxe.
The orc knight wields a +4 arbalest.
The orc knight shoots a bolt.
You block the bolt with an invisible shield... and reflect it back!
The bolt hits the orc knight!!
The orc knight no longer looks unusually strong.
The orc priest mumbles some strange prayers to Beogh against you.
Beogh smites you!
* * * LOW HITPOINT WARNING * * *
You block the orc knight's attack.
The orc knight unwields a +4 arbalest.
The orc knight wields a +0 battleaxe.
The orc knight hits you with a +0 battleaxe!!
You die...

*, , *
,##.....#.∩## ,,,
* , ##..#.....#
.. ,,* ,∩ ,
##....)#.∩## *
#.# ##....#...##
...#*,
,##...#....##
*#...#*
,##.......)##
#...#*
##...###[[##
#..o###.r.###[[##
*#..)#@o.###..##
*#§#o#.###..## *
* #)o.###).##
#..#* ##.###..##
....., *
####..######
......*
#####.)###...##
......
#..#..)##.....#
## ......
#.....).......#
##. .....####
##............#
#..


You could see 2 orc knights, an orc priest (strong) and a friendly hell rat.

Vanquished Creatures
  2 catoblepae (Lair:5)
  2 death yaks (Lair:5)
  An orc high priest (Orc:2)
  Pikel (D:9)
  An orc knight (Orc:1)
  5 elephants (Lair:3)
  A black mamba (Lair:4)
  Joseph (D:7)
  2 orange demons
  A rime drake (Lair:4)
  4 cane toads
  A torpor snail (Lair:4)
  3 komodo dragons
  An ice devil (Orc:2)
  A polar bear (Lair:3)
  A hornet (D:7)
  2 trolls
  2 blink frogs (Lair:5)
  A hellwing (Orc:2)
  A jumping spider (Lair:2)
  20 yaks
  A steam dragon (D:8)
  2 vampire mosquitoes (D:10)
  3 wargs
  6 water moccasins
  12 orc warriors
  3 black bears
  4 ogres
  11 wolves
  A lemure (D:8)
  3 centaurs
  4 bullfrogs
  4 killer bees (D:5)
  2 jellies
  13 orc priests
  Crazy Yiuf (D:3)
  2 sleepcaps
  An iguana (D:4)
  7 orc wizards
  Robin (D:2)
  10 gnolls
  5 adders
  2 dart slugs
  12 orcs
  6 endoplasms
  2 giant cockroaches
  15 goblins
  7 hobgoblins
  5 kobolds
  5 quokkas
  9 ball pythons
  3 bats
  2 frilled lizards
  3 rats
221 creatures vanquished.

Vanquished Creatures (collateral kills)
  Nessos (Lair:3)
  A hydra (Lair:4)
  A catoblepas (Lair:5)
  4 death yaks (Lair:5)
  Urug (Lair:3)
  A skyshark (Lair:3)
  Amaemon (Lair:3)
  The ghost of voltaire321 the Covert, a novice KoBr (D:6)
  An orc knight (Orc:2)
  A manticore (Lair:5)
  An elephant (Lair:3)
  A komodo dragon (Lair:3)
  4 cane toads
  Maggie (D:7)
  A rime drake (Lair:1)
  2 polar bears (Lair:4)
  A troll (Orc:2)
  2 blink frogs (Lair:5)
  19 yaks
  A basilisk (Lair:4)
  A redback (Lair:2)
  A chaos spawn (Orc:2)
  A vampire mosquito (D:10)
  2 wargs (Orc:2)
  4 water moccasins
  8 orc warriors (Orc:2)
  4 ogres
  2 black bears
  16 wolves
  A centaur (D:8)
  A phantom (D:5)
  5 bullfrogs
  A howler monkey (D:6)
  3 jellies
  2 hounds
  6 orc priests
  2 iguanas (D:7)
  7 orc wizards
  A sleepcap (D:5)
  An adder (D:6)
  A dart slug (D:5)
  33 orcs
  A giant cockroach (D:3)
  A goblin (D:4)
  A ball python (D:4)
152 creatures vanquished.

Vanquished Creatures (others)
  9 battlemagi
  An ancestor (D:5)
  A bush (Lair:5)
  16 fungi
  18 plants
45 creatures vanquished.

Grand Total: 418 creatures vanquished

Notes
Turn   | Place    | Note
-------+----------+-------------------------------------------
     0 | D:1      | cforsyth the Meteoran Fighter began the quest for the Orb.
     0 | D:1      | Reached XP level 1. HP: 19/19 MP: 2/2
   150 | D:1      | Reached XP level 2. HP: 26/26 MP: 3/3
   167 | D:1      | Reached skill level 3 in Maces & Flails
   278 | D:1      | Reached XP level 3. HP: 25/31 MP: 4/4
   425 | D:2      | Found a hazy altar of Hepliaklqana.
   434 | D:2      | Noticed Robin
   436 | D:2      | Became a worshipper of Hepliaklqana the Forgotten
   460 | D:2      | Reached XP level 4. HP: 40/40 MP: 5/5
   510 | D:2      | Found Xomeph's Assorted Antiques.
   521 | D:2      | Bought a golden potion for 19 gold pieces
   554 | D:2      | Reached XP level 5. HP: 20/46 MP: 6/6
   560 | D:2      | HP: 2/46 [Robin/+0 club (1)]
   570 | D:2      | Killed Robin
   655 | D:3      | Reached skill level 4 in Maces & Flails
   681 | D:3      | Found an opulent altar of Gozag.
   792 | D:4      | Noticed a black bear
   803 | D:4      | Killed a black bear
   804 | D:4      | Reached XP level 6. HP: 53/53 MP: 7/7
   815 | D:4      | Reached skill level 5 in Armour
   815 | D:4      | Reached skill level 5 in Shields
  1015 | D:4      | Reached * piety under Hepliaklqana
  1031 | D:4      | Reached XP level 7. HP: 30/53 MP: 8/8
  1032 | D:4      | Reached skill level 5 in Maces & Flails
  1153 | D:3      | Found a runed translucent door.
  1154 | D:3      | Noticed Crazy Yiuf
  1160 | D:3      | Killed Crazy Yiuf
  1161 | D:3      | Reached skill level 5 in Fighting
  1283 | D:4      | Found a glowing silver altar of Zin.
  1330 | D:4      | Found Heklaeto's Weapon Shoppe.
  1371 | D:5      | Entered Level 5 of the Dungeon
  1394 | D:5      | Found the +2 ratskin cloak {*Rats rPois rN+ Str-1 Int-1
                  | Dex+1}
  1467 | D:5      | Found a bloodstained altar of Trog.
  1568 | D:5      | Reached XP level 8. HP: 55/62 MP: 9/9
  1571 | D:5      | Reached skill level 6 in Maces & Flails
  1658 | D:5      | Reached ** piety under Hepliaklqana
  1659 | D:5      | Remembered your ancestor Lwandle as a battlemage
  1738 | D:5      | Found a broken altar of Ashenzari.
  1857 | D:6      | Found an ancient bone altar of Kikubaaqudgha.
  1858 | D:6      | Found a snail-covered altar of Cheibriados.
  1859 | D:6      | Found a glowing golden altar of the Shining One.
  1923 | D:6      | Found a sacrificial altar of Ru.
  1925 | D:6      | Gained mutation: You passively map the area around you.
                  | [Meteoran growth]
  1925 | D:6      | Reached XP level 9. HP: 62/67 MP: 10/10
  2025 | D:7      | Reached skill level 7 in Maces & Flails
  2034 | D:6      | Found a runed translucent door.
  2042 | D:6      | Noticed voltaire321's ghost (novice KoBr)
  2057 | D:6      | Killed voltaire321's ghost
  2058 | D:6      | Reached skill level 8 in Maces & Flails
  2118 | D:6      | Found a shimmering blue altar of Sif Muna.
  2192 | D:7      | Noticed a hornet
  2193 | D:7      | Found a staircase to the Ecumenical Temple.
  2203 | D:7      | Killed a hornet
  2308 | D:7      | Reached XP level 10. HP: 77/77 MP: 11/11
  2333 | D:7      | Noticed Joseph
  2344 | D:7      | Killed Joseph
  2407 | D:7      | Reached *** piety under Hepliaklqana
  2407 | D:7      | Noticed Maggie
  2416 | D:7      | Killed Maggie
  2417 | D:7      | Reached skill level 9 in Maces & Flails
  2424 | D:7      | Found a sparkling altar of Nemelex Xobeh.
  2457 | D:8      | Found an iron altar of Okawaru.
  2644 | D:9      | Noticed Pikel
  2645 | D:9      | Found a staircase to the Lair.
  2750 | D:9      | Found a staircase to the Orcish Mines.
  2767 | D:9      | Noticed a skeletal warrior
  2793 | D:9      | Killed Pikel
  2794 | D:9      | Reached skill level 10 in Maces & Flails
  2812 | D:9      | Found a transporter.
  2812 | D:9      | Noticed baller8008's ghost (journeyman DECj)
  2843 | D:9      | Reached XP level 11. HP: 60/85 MP: 12/12
  2885 | D:10     | Entered Level 10 of the Dungeon
  2956 | Lair:1   | Entered Level 1 of the Lair of Beasts
  2957 | Lair:1   | Found a transporter.
  2966 | Lair:1   | Reached skill level 10 in Armour
  2966 | Lair:1   | Reached skill level 10 in Shields
  3147 | Lair:2   | Reached **** piety under Hepliaklqana
  3265 | Lair:2   | Found a hole to the Spider Nest.
  3276 | Lair:2   | Reached skill level 11 in Maces & Flails
  3386 | Lair:3   | Noticed Urug
  3398 | Lair:3   | Killed Urug
  3404 | Lair:2   | Noticed Amaemon
  3407 | Lair:2   | Reached skill level 10 in Fighting
  3560 | Lair:4   | Noticed a seven-headed hydra
  3566 | Lair:4   | Killed a seven-headed hydra
  3604 | Lair:4   | Reached XP level 12. HP: 92/95 MP: 13/13
  3624 | Lair:4   | Reached skill level 12 in Maces & Flails
  3663 | Lair:4   | Found a viscous altar of Jiyva.
  3663 | Lair:4   | Found a staircase to the Slime Pits.
  3752 | Lair:3   | Killed Amaemon
  3836 | Lair:3   | Reached skill level 13 in Maces & Flails
  3840 | Lair:3   | Reached ***** piety under Hepliaklqana
  3876 | Lair:3   | Noticed Nessos
  3886 | Lair:3   | Killed Nessos
  3904 | Lair:3   | Noticed Uroushin's ghost (journeyman GnEn)
  3942 | Lair:3   | Reached XP level 13. HP: 36/105 MP: 14/14
  3973 | Lair:3   | Found a transporter.
  3987 | Lair:3   | Found a transporter.
  4069 | Lair:5   | Entered Level 5 of the Lair of Beasts
  4089 | Lair:5   | Reached skill level 14 in Maces & Flails
  4476 | Lair:5   | Noticed a death yak
  4487 | Lair:5   | Killed a death yak
  4493 | Lair:5   | Noticed a catoblepas
  4507 | Lair:5   | Killed a catoblepas
  4536 | Lair:5   | Reached skill level 15 in Maces & Flails
  4536 | Lair:5   | Noticed a death yak
  4536 | Lair:5   | Noticed a death yak
  4554 | Lair:5   | Killed a death yak
  4557 | Lair:5   | Noticed a death yak
  4561 | Lair:5   | Killed a death yak
  4571 | Lair:5   | Killed a death yak
  4605 | Lair:5   | Noticed a catoblepas
  4616 | Lair:5   | Killed a catoblepas
  4642 | Lair:5   | Reached XP level 14. HP: 103/116 MP: 15/15
  5122 | Orc:1    | Entered Level 1 of the Orcish Mines
  5140 | Orc:1    | Reached skill level 16 in Maces & Flails
  5150 | Orc:1    | Reached skill level 15 in Armour
  5203 | Orc:2    | Entered Level 2 of the Orcish Mines
  5412 | Orc:2    | Found Ciduoss's General Store.
  5416 | Orc:2    | Found Jastres's General Store.
  5542 | Orc:1    | Found Roxuma's Distillery.
  5551 | Orc:1    | Noticed an orc warlord
  5685 | Orc:2    | Bought a scroll of acquirement for 624 gold pieces
  5685 | Orc:2    | Acquired the +4 kite shield of the Hidden Vale {rF+ rC+++
                  | Dex+3 Stlth-}
  5703 | Orc:2    | Acquired 1229 gold pieces
  5761 | Orc:2    | Slain by an orc knight

Illustrated notes

Levels and vault maps discovered:
D:1:      dpeg_cavernosity, layout_basic,
          hellmonk_ecumenical_altar_defaced_shrine
D:2:      layout_basic, basic_altar, serial_shops,
          nicolae_shop_pleasant_corner_grove, uniq_jessica, uniq_robin
D:3:      layout_basic, mainiacjoe_overflow_small_starburst,
          hangedman_decor_diamond_cutter, minmay_misc_feat_hallway,
          grunt_decor_mini_mirrors, uniq_crazy_yiuf_cottage, uniq_sigmund
D:4:      layout_rooms, zin_treasury, serial_shops,
          nicolae_shop_just_a_little_nook, chequers_serial_rivers_micro_c
D:5:      layout_cave_pods, mainiacjoe_overflow_alcove_1,
          overflow_temple_1_default, mainiacjoe_overflow_surrounded_room
D:6:      layout_loops_ring, kennysheep_mini_moat, grunt_temple_overflow_open,
          mainiacjoe_overflow_24_doors, ebering_ghost_sewer_d
D:7:      layout_loops_ring, nemelex_spade_bored_becter,
          minmay_temple_entry_sparse_star, minmay_misc_feat_secret_circle,
          uniq_prince_ribbit1, uniq_maggie, uniq_joseph
D:8:      layout_loops_ring, mainiacjoe_overflow_alcove_2,
          nicolae_vehumet_altar_sigil, nicolae_overflow_hidden_temple,
          serial_shops, shop, serial_glass, glass_columns_b, glass_columns_a,
          minmay_strange_pillars
D:9:      layout_loops_cross, erik_lair_orcish_takeover, orc_0_dummy,
          gammafunk_ghost_arena, uniq_pikel
D:10:     layout_stronghold, gammafunk_ghost_hydra_chop,
          chequers_serial_rivers_micro_c, minmay_misc_feat_x
Lair:1:   gammafunk_worm_tunnel, layout_gridlike, minmay_lair_oklob_items,
          serial_bayou_crossing
Lair:2:   minmay_guarded_unrand_snakebite, layout_regular_city,
          minmay_shoals_entry_hut, spider_nest_entry_a, uniq_amaemon
Lair:3:   hangedman_what_comes_after_a, layout_long_grid, gammafunk_ghost_hive,
          lemuel_fruit_tree, uniq_rupert, uniq_nessos, uniq_urug
Lair:4:   layout_hall_layers, slime_entry_1, infiniplex_staircase_pool,
          grunt_megastairs_1, serial_bayou_shore_b
Lair:5:   evilmike_catoblepas_cave, layout_small_grid,
          eino_small_chamber_without_monster, st_stairs_13, grunt_megastairs_3
Orc:1:    gammafunk_beogh_shrine, layout_diamond_mine, serial_shops,
          nicolae_shop_just_a_little_nook
Orc:2:    pf_orc_diabolical, layout_diamond_mine

Skill      XL: |  1  2  3  4  5  6  7  8  9 10 11 12 13 14 |
---------------+-------------------------------------------+-----
Maces & Flails | 3 4 5 6 8 10 11 13 15 16 | 16.6
Armour         | 4 5 6 8 9 11 12 14 15 | 15.5
Shields        | 4 5 6 8 9 11 | 11.0
Fighting       | 4 5 6 7 8 10 11 13 14 | 14.3

Action                     |  1- 3 |  4- 6 |  7- 9 | 10-12 | 13-15 || total
---------------------------+-------+-------+-------+-------+-------++-------
  Melee: Flail             |    85 |   148 |   107 |   356 |   532 ||  1228
 Invoke: Ancestor Identity |       |     1 |     1 |       |       ||     2
         Ancestor Life: Ba |       |       |     1 |       |       ||     1
         Recall Ancestor   |       |       |       |       |     1 ||     1
    Use: Potion            |       |     3 |     4 |     1 |     3 ||    11
         Scroll            |       |       |     7 |     4 |     3 ||    14
   Stab: Distracted        |       |       |     3 |     6 |     4 ||    13
 Armour: Scale mail        |    40 |       |       |       |       ||    40
         Plate armour      |    25 |   182 |   123 |   349 |   237 ||   916
         Skin              |       |       |     8 |       |       ||     8
  Dodge: Dodged            |    23 |    52 |    44 |   121 |   130 ||   370
  Block: Buckler           |    23 |    70 |    44 |   160 |   274 ||   571
         Kite shield       |       |       |       |       |    21 ||    21
         Reflection        |       |       |       |       |     2 ||     2

Table legend: (Time is in decaauts)
 A = Elapsed time spent in this place.
 B = Non-inter-level travel time spent in this place.
 C = Inter-level travel time spent in this place.
 D = Time resting spent in this place.
 E = Time spent auto-exploring this place.
 F = Levels seen in this place.
 G = Mean time per level.
                   A        B        C        D        E       F      G
               +--------+--------+--------+--------+--------+-----+--------+
         Total |   5629 |   5473 |    156 |     11 |      0 |  17 |  331.1 |
       Dungeon |   3038 |   3005 |     33 |     11 |      0 |  10 |  303.8 |
          Lair |   2048 |   1926 |    122 |      0 |      0 |   5 |  409.6 |
  Orcish Mines |    542 |    542 |      0 |      0 |      0 |   2 |  271.0 |
               +--------+--------+--------+--------+--------+-----+--------+

Top non-repeatable levels by time:
  Lair:5: 650 daAuts
  Lair:4: 563 daAuts
     D:5: 484 daAuts
   Orc:2: 450 daAuts
     D:1: 413 daAuts
     D:4: 405 daAuts
  Lair:3: 400 daAuts
     D:7: 356 daAuts
     D:3: 326 daAuts
     D:2: 291 daAuts
     D:6: 290 daAuts
  Lair:2: 256 daAuts
     D:8: 231 daAuts
     D:9: 180 daAuts
  Lair:1: 177 daAuts
